 Dungeon Crawl Stone Soup version 0.29.1-12-g30fa7ad0bf (webtiles) character file.

Game seed: 7313715921322525807

49 KittyFluff the Trooper (level 3, -1/23 HPs)
             Began as a Gargoyle Berserker on Jan 13, 2023.
             Was a Believer of Trog.
             Frozen to death by an endoplasm (5 damage)
             ... on level 3 of the Dungeon.
             The game lasted 00:07:44 (2033 turns).

KittyFluff the Trooper (Gargoyle Berserker)         Turns: 2033, Time: 00:07:45

Health: -1/23      AC:  6    Str: 20    XL:     3   Next: 77%
Magic:  3/3        EV: 11    Int:  7    God:    Trog [**....]
Gold:   59         SH:  0    Dex: 11    Spells: 2/2 levels left

rFire   . . .      SeeInvis .   a - +0 mace
rCold   . . .      Faith    .   (no shield)
rNeg    + . .      Spirit   .   r - +0 leather armour
rPois   ∞          Reflect  .   (no helmet)
rElec   +          Harm     .   (no cloak)
rCorr   +          Rampage  .   (no gloves)
Will    .....                   (no boots)
Stlth   +.........              (no amulet)
HPRegen 0.07/turn               n - ring of resist corrosion
MPRegen 0.08/turn               (no ring)

@: flying
A: sickness immunity, AC +3, negative energy resistance 1, electricity
resistance, torment resistance 1, petrification resistance
a: Renounce Religion, Berserk, Trog's Hand


You were on level 3 of the Dungeon.
You worshipped Trog.
Trog was pleased with you.
You visited 1 branch of the dungeon, and saw 3 of its levels.

You collected 59 gold pieces.

Inventory:

Hand Weapons
 a - a +0 mace (weapon)
 p - a +0 sling
Missiles
 b - 2 throwing nets
 c - 23 stones (quivered)
Armour
 r - a +0 leather armour (worn)
Jewellery
 n - a ring of resist corrosion (left hand)
Wands
 s - a wand of roots (4)
Scrolls
 d - a scroll of torment {unknown}
 e - a scroll of enchant weapon {unknown}
 f - a scroll of butterflies {unknown}
 h - a scroll of fear {unknown}
 i - a scroll of enchant armour {unknown}
 j - a scroll of poison {unknown}
 l - 2 scrolls of teleportation
 q - a scroll of blinking {unknown}
Potions
 g - a potion of attraction
 m - 2 potions of flight


   Skills:
 + Level 3.6 Fighting
 * Level 3.5 Maces & Flails
 * Level 3.1 Armour
 + Level 2.0 Dodging


You had 2 spell levels left.
You didn't know any spells.
Your spell library was empty.

Dungeon Overview and Level Annotations

Branches:
Dungeon (3/15)

Altars:


Innate Abilities, Weirdness & Mutations

You are immune to sickness and miasma.
Your stone body is resilient. (AC +3)
You are immune to poison.
You resist negative energy. (rN+)
You are resistant to electric shocks. (rElec)
You are resistant to unholy torment.
You are immune to petrification.


Message History

The goblin closely misses you.
A goblin comes into view. It is wielding a +1 dagger of speed.
The kobold hits you but does no damage.
You barely miss the goblin.
The goblin shouts!
The goblin closely misses you. The kobold hits you with a +0 dagger.
You thump the goblin!
You kill the goblin!
Trog accepts your kill. The kobold closely misses you.
The endoplasm freezes you.
You are frozen.
* * * LOW HITPOINT WARNING * * *
The kobold hits you with a +0 dagger.
* * * LOW HITPOINT WARNING * * *
A quokka comes into view.
Things that are here:
a wand of flame (9); a goblin corpse You feel better.
The endoplasm hits you but does no damage.
The kobold closely misses you.
It was a potion of flight.
You feel very buoyant.
You fly up into the air.
The adder hisses angrily.
You hear an angry hiss.
The endoplasm closely misses you. The kobold closely misses you.
You hit the endoplasm.
The endoplasm is heavily wounded.
The endoplasm closely misses you.
An endoplasm comes into view.
The kobold hits you but does no damage.
You hit the endoplasm but do no damage.
The endoplasm is heavily wounded.
The endoplasm hits you.
* * * LOW HITPOINT WARNING * * *
The kobold hits you but does no damage.
A kobold comes into view. It is wielding a +0 short sword.
The endoplasm freezes you.
You are frozen.
You die...

#########.#####..
#.........#
#.#.#####.#
#.#.......#
#.#####...# $
#.......#.# S#
#.......#..#.#
#.......#...###
#......@#......
#######KJSJ.##.
........rS#.....
.###>........K.
#.#######... #.
#. # .......
S#... .....


You could see 2 adders, 2 endoplasms, a quokka and 2 kobolds.

Vanquished Creatures
  A worm (D:2)
  2 ball pythons (D:1)
  6 bats
  4 endoplasms
  2 giant cockroaches
  6 goblins
  6 hobgoblins
  5 kobolds
  3 quokkas
  4 frilled lizards
  A rat (D:2)
40 creatures vanquished.

Notes
Turn   | Place    | Note
-------+----------+-------------------------------------------
     0 | D:1      | KittyFluff the Gargoyle Berserker began the quest for the
                  | Orb.
     0 | D:1      | Reached XP level 1. HP: 14/14 MP: 1/1
   440 | D:1      | Reached XP level 2. HP: 6/19 MP: 2/2
  1077 | D:1      | Found a faded altar of an unknown god.
  1120 | D:1      | Reached XP level 3. HP: 22/23 MP: 3/3
  1672 | D:2      | Reached ** piety under Trog
  2029 | D:3      | HP: 1/23 [kobold/+0 dagger (2)]
  2033 | D:3      | Frozen to death by an endoplasm

Illustrated notes

Levels and vault maps discovered:
D:1:      dpeg_arrival_circle_labyrinth_c, layout_loops_ring,
          dilly_ecumenical_altar_fadedgnrine
D:2:      layout_rooms
D:3:      layout_basic, vehumet_altar_wand_db, gammafunk_temple_overflow_claw,
          minmay_circle_x

Skill      XL: |  1  2  3 |
---------------+----------+-----
Armour         | 3 |  3.1
Dodging        | 2 |  2.0
Fighting       | |  3.6
Maces & Flails | |  3.5

Action                   || total
-------------------------++-------
Melee: Mace              ||   129
       Punch             ||     3
  Use: Scroll            ||     4
       Potion            ||     2
Armor: Animal skin       ||    50
       Leather armour    ||     8
Dodge: Dodged            ||    97
